Map: Terrazze Prion

Players

Jhyrachy

  • Race: Zerg Zerg
  • League: Gold

isma - Winner!

  • Race: Protoss Protoss
  • League: Gold

VOD

Have the link to the VOD?

Description

Time

  • Played on: May 17, 2016, 4:30 p.m.
  • Length: 14:26
Show
View Real Time Build Order
Export as new Build Order

Jhyrachy Zerg 

Build Orders: Hatch First, Lurkers 

Get SALT Encoding   

  12  0:01  Drone  
  13  0:10  Drone  
  14  0:19  Extractor  
  14  0:20  Drone, Extractor  
  13  0:21  Drone  
  16  0:50  Overlord  
  16  0:52  Hatchery  
  15  0:59  Overlord  
  16  1:11  Drone x2  
  16  1:13  Drone  
  18  1:22  Spawning Pool  
  18  1:25  Drone  
  18  1:58  Drone  
  18  1:59  Drone, Overlord  
  20  2:11  Queen  
  20  2:14  Zergling x2  
  23  2:17  Zergling x2  
  24  2:23  Hatchery  
  24  2:25  Queen  
  25  2:34  Drone  
  25  2:35  Drone x3  
  29  3:09  Extractor  
  29  3:10  Drone x2  
  29  3:11  Extractor  
  28  3:22  Drone x3  
  28  3:23  Drone x2  
  28  3:24  Drone  
  28  3:25  Drone x2  
  36  3:39  Extractor  
  35  3:42  Extractor, Queen  
  35  3:44  Drone x4  
  35  3:45  Drone x2  
  42  4:14  Pneumatized Carapace  
  42  4:16  Lair  
  42  4:18  Spore Crawler  
  42  4:22  Spore Crawler, Drone x6  
  42  4:23  Drone  
  47  4:55  Drone  
  47  4:56  Drone x2  
  47  4:57  Overlord x3  
  50  5:09  Spore Crawler  
  49  5:14  Zergling x2  
  49  5:16  Metabolic Boost  
  50  5:26  Hydralisk Den  
  49  5:29  Overseer  
  49  5:31  Overseer  
  49  5:32  Overseer  
  49  5:44  Zergling x8  
  49  5:45  Zergling x16  
  49  5:46  Zergling x6  
  64  5:56  Spine Crawler  
  63  6:12  Spine Crawler  
  61  6:20  Overseer  
  61  6:24  Lurker Den  
  61  6:28  Drone x2  
  61  6:29  Drone x7  
  61  6:30  Drone x3  
  61  6:31  Overlord x2  
  73  6:44  Spine Crawler  
  56  7:07  Hydralisk x4  
  56  7:08  Hydralisk x5  
  74  7:20  Drone  
  74  7:21  Drone x6  
  74  7:22  Drone x2  
  83  7:38  Extractor  
  83  7:40  Extractor  
  83  7:41  Drone x3  
  83  7:42  Drone x2  
  83  7:43  Drone  
  82  8:06  Lurker x5  
  82  8:09  Hydralisk  
  82  8:11  Overlord x3  
  89  8:21  Muscular Augments  
  89  8:37  Hatchery  
  88  9:01  Hydralisk x7  
  88  9:02  Hydralisk x6  
  114  9:03  Overlord x2  
  114  9:04  Overlord x2  
  114  9:32  Extractor  
  114  9:36  Extractor, Lurker x7  
  119  9:39  Overseer  
  119  9:40  Overseer x2  
  119  9:44  Overseer  
  119  9:55  Evolution Chamber  
  119  9:57  Evolution Chamber  
  117  10:01  Queen  
  119  10:14  Hydralisk x10  
  119  10:15  Hydralisk x6  
  119  10:18  Drone, Overlord x2  
  119  10:19  Overlord x3  
  152  10:26  Zerg Missile Weapons Level 1  
  152  10:28  Zerg Ground Armor Level 1  
  152  10:57  Lurker  
  152  10:58  Lurker  
  154  11:11  Spore Crawler  
  126  12:02  Drone x7  
  126  12:03  Drone x8  
  141  12:11  Evolution Chamber  
  141  12:14  Spawning Pool  
  140  12:22  Lair  
  141  12:49  Hatchery  
  78  13:18  Zergling x16  
  78  13:19  Zergling x10, Queen  
  93  13:28  Hydralisk Den  
  92  13:36  Spine Crawler  
  82  14:10  Hatchery  
Show
View Real Time Build Order
Export as new Build Order

isma Protoss - Winner!

Build Orders:  

Get SALT Encoding   

  12  0:03  Probe (Chrono Boost)  
  13  0:14  Probe (Chrono Boost)  
  14  0:19  Pylon  
  14  0:24  Probe (Chrono Boost)  
  15  0:38  Probe (Chrono Boost)  
  15  0:41  Gateway  
  16  0:48  Assimilator, Probe (Chrono Boost)  
  17  0:53  Assimilator  
  17  0:59  Probe (Chrono Boost)  
  18  1:12  Pylon  
  18  1:19  Probe (Chrono Boost)  
  19  1:30  Probe (Chrono Boost)  
  20  1:33  Cybernetics Core  
  20  1:38  Forge  
  20  1:42  Probe (Chrono Boost)  
  21  1:52  Probe (Chrono Boost)  
  22  2:11  Nexus  
  22  2:15  Mothership Core (Chrono Boost)  
  24  2:18  Warp Gate  
  24  2:33  Probe (Chrono Boost)  
  25  2:43  Probe (Chrono Boost)  
  26  2:49  Twilight Council  
  26  2:54  Probe (Chrono Boost)  
  27  2:58  Pylon  
  27  3:01  Stalker  
  29  3:18  Pylon  
  29  3:29  Photon Cannon  
  29  3:31  Photon Cannon  
  29  3:36  Assimilator  
  29  3:39  Probe (Chrono Boost)  
  29  3:40  Assimilator  
  30  3:50  Probe (Chrono Boost)  
  31  4:00  Probe (Chrono Boost)  
  32  4:06  Robotics Facility  
  32  4:11  Probe (Chrono Boost)  
  32  4:14  Dark Shrine  
  33  4:18  Probe (Chrono Boost)  
  33  4:21  Probe (Chrono Boost)  
  35  4:28  Probe (Chrono Boost)  
  36  4:32  Probe (Chrono Boost), Gateway  
  37  4:39  Probe (Chrono Boost), Gateway  
  37  4:41  Gateway  
  38  4:51  Pylon  
  38  4:58  Probe x2 (Chrono Boost)  
  40  5:00  Warp Prism  
  42  5:08  Probe (Chrono Boost)  
  43  5:21  Photon Cannon  
  43  5:24  Pylon  
  43  5:31  Photon Cannon  
  43  5:41  Observer  
  44  5:49  Gateway  
  44  6:12  Nexus  
  44  6:33  Dark Templar  
  44  6:34  Dark Templar x3  
  48  7:09  Immortal  
  52  7:24  Pylon, Stalker x5  
  62  7:48  Immortal  
  66  8:17  Pylon  
  66  8:18  Stalker  
  66  8:19  Pylon, Stalker x2  
  72  8:20  Stalker x2  
  72  8:24  Pylon  
  72  8:25  Pylon  
  76  8:27  Immortal  
  76  8:28  Assimilator  
  76  8:33  Assimilator  
  80  8:42  Gateway  
  80  8:44  Gateway  
  80  8:46  Gateway  
  80  8:47  Gateway  
  80  8:55  Pylon  
  80  8:56  Photon Cannon  
  80  9:05  Gateway x2  
  80  9:07  Observer  
  80  9:08  Gateway  
  81  9:15  Dark Templar x2  
  81  9:16  Dark Templar x3  
  91  9:46  Photon Cannon, Immortal  
  95  10:16  Archon x3  
  95  10:19  Zealot x3  
  101  10:21  Stalker x3  
  101  10:22  Stalker x6  
  119  10:44  Immortal  
  119  10:58  Dark Templar  
  119  10:59  Dark Templar x6  
  63  11:52  Stalker x4  
  63  11:53  Stalker x6  
  83  11:54  Stalker  
  83  12:01  Observer  
  86  12:21  Warp Prism  
  88  12:27  Nexus  
  86  12:58  Observer  
  54  13:24  Immortal  
  58  13:48  Dark Templar  
  58  13:49  Dark Templar x3  
  66  14:06  Dark Templar x2  
  66  14:07  Dark Templar x6  
Tags
 
Add a new tag
Caveats
  • Supply blocks, unpowered buildings, or Contaminate may cause inaccurate times.
  • Supply counts are checked every 10 seconds.